 Dungeon Crawl Stone Soup version 0.31-a0-344-gd109795599 (webtiles) character file.

Game seed: 15350766737140308472

5520 juan097 the Skirmisher (level 10, -2/80 HPs)
             Began as a Barachi Hunter on July 21, 2023.
             Was a Believer of Ignis.
             Slain by a sixfirhy (6 damage)
             ... summoned by a kobold demonologist
             ... on level 8 of the Dungeon.
             The game lasted 00:27:55 (9413 turns).

juan097 the Skirmisher (Barachi Hunter)             Turns: 9413, Time: 00:27:55

Health: -2/80      AC: 10    Str: 13    XL:     10   Next: 70%
Magic:  10/10      EV: 14    Int: 10    God:    Ignis [**....]
Gold:   1052       SH:  5    Dex: 19    Spells: 7/9 levels left

rFire   + . .        a - +2 arbalest (drain)
rCold   + . .        (shield currently unavailable)
rNeg    . . .        J - +3 leather armour {Will+}
rPois   .            s - +2 helmet
rElec   .            O - +0 cloak
rCorr   .            (no gloves)
SInv    +            (no boots)
Will    +....        w - amulet of reflection
Stlth   +++          m - ring of see invisible
HPRegen 0.33/turn    H - ring of protection from cold
MPRegen 0.12/turn

%: reflection
@: unable to hop, slow
A: amphibious, slowness 1, strong legs 1, +LOS
a: Hop, Renounce Religion, Fiery Armour, Foxfire Swarm


You were on level 8 of the Dungeon.
You worshipped Ignis.
Ignis was pleased with you.
You visited 2 branches of the dungeon, and saw 9 of its levels.
You also visited: Sewer, Ossuary and Bailey.

You collected 1052 gold pieces.

Inventory:

Hand Weapons
 a - a +2 arbalest of draining (weapon)
 b - a +0 dagger
 L - a +2 great sword
Missiles
 g - 28 poisoned darts
 r - 22 boomerangs
 A - 13 curare-tipped darts
 C - 6 silver boomerangs
 D - 4 datura-tipped darts
 E - 4 atropa-tipped darts
 N - a throwing net
Armour
 l - the +0 leather armour of Fedhas's Displeasure {rPois}
   (You found it on level 5 of the Dungeon)

   rPois:     It protects you from poison.
 s - a +2 helmet (worn)
 J - a +3 leather armour of willpower (worn)
 O - a +0 cloak (worn)
Jewellery
 h - an amulet of regeneration
 m - a ring of see invisible (left hand)
 w - an amulet of reflection (around neck)
 H - a ring of protection from cold (right hand)
 M - an amulet of the acrobat
Wands
 d - a wand of roots (5)
 n - a wand of flame (27)
 B - a wand of mindburst (12)
 I - a wand of charming (12)
Scrolls
 f - 3 scrolls of fog
 i - 2 scrolls of blinking
 o - 2 scrolls of immolation
 q - 4 scrolls of revelation
 y - a scroll of amnesia
 K - a scroll of identify
Potions
 c - 3 potions of haste
 e - 2 potions of lignification
 j - 2 potions of heal wounds
 k - 4 potions of curing
 p - a potion of enlightenment {unknown}
 t - a potion of invisibility
 u - a potion of resistance
 v - 2 potions of ambrosia
 x - 2 potions of might
 z - a potion of attraction {unknown}
 G - 2 potions of degeneration {unknown}


   Skills:
 + Level 8.2 Fighting
 - Level 4.0 Short Blades
 + Level 12.0 Ranged Weapons
 + Level 4.3 Armour
 + Level 4.3 Dodging
 - Level 4.0 Stealth
 - Level 4.0 Evocations


You had 7 spell levels left.
You knew the following spells:

 Your Spells              Type           Power      Damage    Failure   Level
a - Blink                 Tloc           0%         N/A       56%         2

Your spell library contained the following spells:

 Spells                   Type           Power      Damage    Failure   Level
 Static Discharge         Conj/Air       0%         2-2/arc   56%         2
 Airstrike                Air            0%         2d(0-16)  99%         4
 Manifold Assault         Tloc           0%         N/A       99%         4
 Summon Lightning Spire   Summ/Air       0%         N/A       99%         4


Dungeon Overview and Level Annotations

Branches:
Dungeon (8/15)             Temple (1/1) D:5           Sewer (visited)
Ossuary (visited)          Bailey (visited)
   Lair: D:8-11

Altars:
Ashenzari
Cheibriados
Dithmenos
Elyvilon
Fedhas
Hepliaklqana
Kikubaaqudgha
Makhleb
Nemelex Xobeh
Okawaru
Qazlal
Ru
Sif Muna
Trog
Uskayaw
Vehumet
Wu Jian
Xom
Yredelemnul
Zin
The Shining One
Ignis

Shops:
D:8 (

Annotations:
D:6 3 runed translucent doors, HotCheetoh's ghost, amateur HOFi
D:8 Grum


Innate Abilities, Weirdness & Mutations

You are amphibious.
You cover ground slowly.
You can hop short distances.
You have an extended range of vision and can be seen from far away.


Message History

The air fills with toxic fumes!
As you read the scroll labelled XUAV NONU FIAPP, it crumbles to dust.
It was a scroll of poison.
The wolf howls!
The kobold brigand shouts!
The sixfirhy closely misses you.
The kobold demonologist mumbles some strange words.
You block Grum's attack.
You hear a shout!
Really walk into that cloud of poison gas?
You are engulfed in poison gas.
You are poisoned.
You feel very sick.
Hop to where?
Press: ? - help, Dir - move target Boing!
You feel sick.
You feel sick.
The sixfirhy is engulfed in poison gas.
The sixfirhy looks even sicker.
You shoot a bolt. The bolt hits the sixfirhy!
The sixfirhy is moderately wounded.
You feel sick.
You shoot a bolt. The bolt closely misses the sixfirhy.
You feel sick.
The sixfirhy hits you but does no damage.
You shoot a bolt. The bolt hits the sixfirhy!!
The sixfirhy is severely wounded.
You feel sick. The sixfirhy misses you.
The sixfirhy hits you but does no damage. x2
The sixfirhy closely misses you.
You shoot a bolt. The bolt misses the sixfirhy.
You feel sick.
You are no longer poisoned.
You shoot a bolt. The bolt closely misses the sixfirhy.
The sixfirhy completely misses you. The sixfirhy hits you.
The sixfirhy shocks you! The sixfirhy hits you. The sixfirhy shocks you!
* * * LOW HITPOINT WARNING * * *
You are too injured to fight recklessly!
The sixfirhy hits you but does no damage.
The sixfirhy hits you!
* * * LOW HITPOINT WARNING * * *
The sixfirhy shocks you!
* * * LOW HITPOINT WARNING * * *
The sixfirhy hits you.
You die...

#..#.### *gh5.,*
*,***, #..#.####
####3###,* *,,,,,
#.......#
#○.).#**,** *****,
#.#####.#
#○####,,,,* ******,
#.# #.# #.#
*,,,,****,,,,,, ..#
#.# #.#
*,,,,*,,,,***** ..#
#.# #.#
*,,,,*****#####
#.#####.#
#.####,,,,* #....
#.......#
#.3@.#***** #.###
####.##.# ####.#
#.# # #.##.# #.#
#.# ####.##.# #.#
#.# .)).....# #.#
#.# .....####****
#.# #.#
........,,,,* #.#
#.#
#######.*,*,****#.#
#.# *,...,,,,,#.#
#.#


You could see a sixfirhy (summoned, very poisoned).

Vanquished Creatures
  Grinder (D:4)
  Sigmund (D:6)
  5 yaks
  2 wyverns
  2 steam dragons
  Edmund (D:5)
  Menkaure (D:7)
  A water moccasin (D:4)
  3 orc warriors
  An ice beast (D:5)
  2 sky beasts
  2 ogres
  2 centaurs
  2 wolves (D:8)
  A phantom (D:6)
  7 kobold brigands
  2 bullfrogs (Sewer)
  4 scorpions
  9 wights (D:8)
  2 electric eels (D:6)
  A howler monkey (D:6)
  2 quasits (D:6)
  2 hounds (D:5)
  4 jellies
  2 orc priests
  A sleepcap (D:7)
  Ijyb (D:4)
  9 iguanas
  3 orc wizards
  2 mummies
  11 adders
  4 shadow imps
  4 white imps
  2 ufetubi (D:6)
  2 worms
  2 dart slugs (D:2)
  24 orcs
  3 spectral bats (Ossuary)
  10 ball pythons
  2 bats
  5 endoplasms
  7 giant cockroaches
  5 goblins
  9 hobgoblins
  4 jackals (D:5)
  8 quokkas
  3 training dummies (D:8)
  2 bat simulacra (Ossuary)
  7 frilled lizards
  12 gnoll zombies (Ossuary)
  4 goblin simulacra (Ossuary)
  5 goblin zombies (Ossuary)
  9 hobgoblin zombies
  20 kobolds
  4 kobold simulacra (Ossuary)
  6 kobold zombies
  5 rats
  2 rat simulacra (Ossuary)
  2 spectral goblins (Ossuary)
  4 spectral kobolds (Ossuary)
  5 spectral rats (Ossuary)
270 creatures vanquished.

Vanquished Creatures (others)
  34 foxfires
34 creatures vanquished.

Grand Total: 304 creatures vanquished

Notes
Turn   | Place    | Note
-------+----------+-------------------------------------------
     0 | D:1      | juan097 the Barachi Hunter began the quest for the Orb.
     0 | D:1      | Reached XP level 1. HP: 17/17 MP: 1/1
    80 | D:1      | Reached skill level 1 in Stealth
   137 | D:1      | You fall into a shaft and drop 1 floor!
   152 | D:2      | Reached XP level 2. HP: 23/23 MP: 2/2
   325 | D:1      | Found a faded altar of an unknown god.
   332 | D:1      | Prayed at the altar of an unknown god.
   332 | D:1      | Became a worshipper of Ignis, the Dying Flame
   854 | D:2      | Reached XP level 3. HP: 29/29 MP: 3/3
  1269 | D:3      | Found a glowing drain.
  1302 | D:3      | Learned a level 2 spell: Blink
  1327 | Sewer    | Entered a sewer
  1384 | Sewer    | Reached XP level 4. HP: 35/35 MP: 4/4
  1393 | Sewer    | Noticed a bullfrog
  1394 | Sewer    | Noticed a bullfrog
  1419 | Sewer    | Killed a bullfrog
  1419 | Sewer    | Killed a bullfrog
  1420 | Sewer    | Reached skill level 5 in Ranged Weapons
  1420 | Sewer    | Reached XP level 5. HP: 7/42 MP: 5/5
  1715 | Sewer    | Reached XP level 6. HP: 48/48 MP: 6/6
  2016 | D:3      | Identified the +1 leather armour of Unreason {Str+2}
  2156 | D:3      | Found a sparkling altar of Nemelex Xobeh.
  2226 | D:3      | Found a sacrificial altar of Ru.
  2380 | D:3      | Found an ornate altar of the Wu Jian Council.
  2789 | D:4      | Reached skill level 6 in Ranged Weapons
  2887 | D:4      | Noticed Grinder
  2915 | D:4      | Noticed Ijyb
  3006 | D:4      | Reached XP level 7. HP: 50/54 MP: 7/7
  3561 | D:5      | Entered Level 5 of the Dungeon
  3597 | D:4      | Reached skill level 7 in Ranged Weapons
  3629 | D:5      | Found a staircase to the Ecumenical Temple.
  3847 | D:5      | Identified the +0 leather armour of Fedhas's Displeasure
                  | {rPois}
  3955 | D:5      | Reached skill level 8 in Ranged Weapons
  4054 | D:5      | Noticed Edmund
  4124 | D:5      | Reached skill level 1 in Armour
  4124 | D:5      | Reached XP level 8. HP: 53/60 MP: 8/8
  4170 | D:5      | Found a white marble altar of Elyvilon.
  4238 | D:5      | Reached skill level 1 in Short Blades
  4653 | D:6      | Noticed Sigmund
  5033 | D:6      | Reached skill level 5 in Fighting
  5410 | D:6      | Found a runed translucent gate.
  5411 | D:6      | Found a runed translucent gate.
  5422 | D:6      | Found a runed translucent gate.
  5422 | D:6      | Noticed HotCheetoh's ghost (amateur HOFi)
  5428 | D:6      | Noticed a komodo dragon
  6156 | D:6      | Reached XP level 9. HP: 68/68 MP: 9/9
  6417 | D:6      | Killed Sigmund
  6439 | D:7      | Noticed Menkaure
  6443 | D:7      | Killed Menkaure
  6482 | D:7      | Found a flagged portal.
  6487 | D:7      | Reached skill level 1 in Evocations
  6496 | Bailey   | Entered a bailey
  6544 | Bailey   | Reached skill level 9 in Ranged Weapons
  6840 | Bailey   | Noticed an orc knight
  6863 | Bailey   | Found a burning altar of Makhleb.
  7114 | D:4      | Killed Ijyb
  7156 | D:4      | Killed Grinder
  7266 | D:5      | Killed Edmund
  7353 | Temple   | Entered the Ecumenical Temple
  7446 | D:7      | Found a glowing golden altar of the Shining One.
  7560 | D:7      | Reached skill level 10 in Ranged Weapons
  7560 | D:7      | Reached XP level 10. HP: 80/80 MP: 10/10
  7596 | D:7      | Found a stormy altar of Qazlal.
  8153 | D:8      | Found a sand-covered staircase.
  8197 | Ossuary  | Entered an ossuary
  8730 | D:8      | Reached skill level 11 in Ranged Weapons
  8970 | D:8      | Found Xaleny Ytach's Firing Range.
  8971 | D:8      | Found a radiant altar of Vehumet.
  8990 | D:8      | Reached skill level 12 in Ranged Weapons
  9188 | D:8      | Noticed Grum
  9193 | D:8      | Noticed a kobold demonologist
  9195 | D:8      | Noticed a sun demon
  9402 | D:8      | Noticed a sixfirhy
  9413 | D:8      | HP: 4/80 [sixfirhy[a kobold demonologist] (9)]
  9413 | D:8      | Slain by a sixfirhy

Illustrated notes

Levels and vault maps discovered:
D:1:      ncdulo_halloftheorcs, layout_loops_cross,
          ebering_ecumenical_altar_mist, minmay_distorted
D:2:      layout_basic
D:3:      layout_rooms, mainiacjoe_overflow_alcove_1,
          nicolae_ru_great_annihilating_truth, general_overflow_altar,
          cheibrodos_sewer_entry_sluice, roderic_lattice_a
D:4:      layout_loops_ring, uniq_ijyb, uniq_grinder
D:5:      layout_basic, mainiacjoe_overflow_alcove_2, minmay_temple_entry_wispy,
          kennysheep_generic_room_10, uniq_edmund
D:6:      cheibrodos_helix_gallery, layout_gridville, serial_demonic,
          serial_demonic_c, serial_demonic_c, serial_demonic_g,
          serial_demonic_g, serial_demonic_a, gammafunk_ghost_split,
          uniq_sigmund
D:7:      layout_loops_ring, mainiacjoe_overflow_catch_the_wave, enter_bailey_2,
          uniq_menkaure
D:8:      layout_loops_ring, vehumet_altar_wand_db, special_room
          [special_room_kobold], nicolae_ossuary_entry_giza,
          serial_bayou_pond_d, nicolae_shop_firing_range, uniq_grum
Temple:   nicolae_temple_superstar

Skill      XL: |  1  2  3  4  5  6  7  8  9 10 |
---------------+-------------------------------+-----
Stealth        | 1 2 3 4 |  4.0
Fighting       | 3 4 5 8 |  8.2
Ranged Weapons | 5 6 8 10 12 | 12.0
Armour         | 1 3 4 |  4.3
Short Blades   | 3 4 |  4.0
Dodging        | 4 |  4.3
Evocations     | 4 |  4.0

Action                     |  1- 3 |  4- 6 |  7- 9 | 10-12 || total
---------------------------+-------+-------+-------+-------++-------
  Melee: Dagger            |       |       |     1 |     6 ||     7
   Fire: Shortbow          |    90 |   186 |   413 |     6 ||   695
         Arbalest          |       |       |    43 |   233 ||   276
  Throw: Dart              |       |     4 |     7 |       ||    11
 Invoke: Foxfire Swarm     |       |     1 |     3 |       ||     4
         Fiery Armour      |       |     1 |     2 |       ||     3
         Rising Flame      |       |       |       |     1 ||     1
Ability: Hop               |       |     2 |     7 |     2 ||    11
  Evoke: Wand              |       |       |    10 |       ||    10
    Use: Scroll            |       |     1 |    14 |     3 ||    18
         Potion            |       |       |     6 |       ||     6
   Stab: Sleeping          |       |       |     1 |       ||     1
 Armour: Ring mail         |     6 |    17 |       |       ||    23
         Leather armour    |       |     5 |    74 |    48 ||   127
  Dodge: Dodged            |    21 |    70 |   164 |    73 ||   328
  Block: Other             |       |       |    32 |    22 ||    54
         Reflection        |       |       |     2 |     2 ||     4

Table legend: (Time is in decaauts)
 A = Elapsed time spent in this place.
 B = Non-inter-level travel time spent in this place.
 C = Inter-level travel time spent in this place.
 D = Time resting spent in this place.
 E = Time spent auto-exploring this place.
 F = Levels seen in this place.
 G = Mean time per level.
                   A        B        C        D        E       F      G
               +--------+--------+--------+--------+--------+-----+--------+
         Total |  10715 |   9988 |    727 |     50 |   7303 |  12 |  892.9 |
       Dungeon |   9237 |   8510 |    727 |     50 |   6487 |   8 | 1154.6 |
        Temple |      1 |      1 |      0 |      0 |      0 |   1 |    1.0 |
         Sewer |    545 |    545 |      0 |      0 |    325 |   1 |  545.0 |
       Ossuary |    514 |    514 |      0 |      0 |    243 |   1 |  514.0 |
        Bailey |    417 |    417 |      0 |      0 |    247 |   1 |  417.0 |
               +--------+--------+--------+--------+--------+-----+--------+

Top non-repeatable levels by time:
     D:6: 1942 daAuts
     D:5: 1561 daAuts
     D:4: 1395 daAuts
     D:7: 1009 daAuts
     D:3: 985 daAuts
     D:8: 933 daAuts
     D:1: 837 daAuts
     D:2: 572 daAuts
   Sewer: 545 daAuts
 Ossuary: 514 daAuts
  Bailey: 417 daAuts
  Temple: 1 daAuts
